[Event "*** SCC Grand Prix: Titled Tuesday Blitz"]
[Site "Chess.com"]
[Date "2020.09.08"]
[Round "1"]
[White "IveBeenThroughPain"]
[Black "Larina_Marija"]
[Result "1-0"]
[WhiteElo "2494"]
[BlackElo "2067"]
[TimeControl "180+1"]
[EndTime "10:06:59 PDT"]
[Termination "IveBeenThroughPain won by resignation"]

1. e4 c6 2. Nf3 d5 3. d3 dxe4 4. dxe4 Qxd1+ 5. Kxd1 Bg4 6. Be2 Nd7 7. Ne1 Bxe2+ 8.
Kxe2 e5 9. Nd3 Ngf6 10. f3 Be7 11.
Be3 O-O 12. Nd2 h6 13. Nc4 Rfe8 14. Ncxe5 Nxe5 15. Nxe5 a6 16. Nd3 Rad8 17. Rhd1 Rd7 18.
Kf2 Red8 19. Bb6 Re8 20. Nc5 Bxc5+ 21. Bxc5 Red8 22. Rxd7 Rxd7 23. Ke2 Ne8 24. Rd1 Rxd1 25. Kxd1 Nc7 26. c4 f6 27. Kc2 Kf7 28. Kd3 Ke6 29.
f4 g6 30. g4 Ne8 31. f5+ gxf5 32. gxf5+ Kf7 33. Be3 h5 34. Bf4 Ng7 35. Kd4 Ne8 36.
Kc5 Ke7 37. Kb6 Nd6 38. Bxd6+ Kxd6 39. Kxb7 Kc5 40. Kxa6 Kxc4 41. e5 fxe5 42. f6 e4 43. f7 e3 44. f8=Q e2 45. Qf7+ Kd4 46. Qe6 Kd3 47.
Kb6 Kd2 48. a4 e1=Q 49. Qxe1+ Kxe1 50. a5 Kf2 51. a6 Kg2 52. a7 Kxh2 53. a8=Q h4 54.
Qxc6 h3 55. Qf3 Kg1 56. Qxh3 Kf2 57. b4 Ke2 58. Kc6 Kd2 59. b5 Kc2 1-0

[Event "*** SCC Grand Prix: Titled Tuesday Blitz"]
[Site "Chess.com"]
[Date "2020.09.08"]
[Round "1"]
[White "plumalka"]
[Black "Shield12"]
[Result "0-1"]
[WhiteElo "2408"]
[BlackElo "2810"]
[TimeControl "180+1"]
[EndTime "10:07:00 PDT"]
[Termination "Shield12 won by resignation"]

1. e4 c5 2. Nf3 Nc6 3. d4 cxd4 4. Nxd4 Nf6 5. Nc3 d6 6. Bg5 Bd7 7. Bb5 e6 8. Bxc6 bxc6 9. Qf3 h6 10. Bh4 e5 11. Nf5 Bxf5 12. Qxf5 Qd7 13. Qxd7+ Nxd7 14. O-O-O Be7 15. Bxe7 Kxe7 16. Rd2 Rhd8 17. Rhd1 Nc5 18. f3 Rab8 19. b3 a5 20. a4 g6 21. g4 Ne6 22.
Ne2 Rd7 23. Rd3 Rh8 24. h4 Rhd8 25. Rc3 Rc7 26. Kd2 d5 27. exd5 cxd5 28. Rxc7+ Nxc7 29. Nc3 d4 30. Ne4 f5 31. Nc5 Ne6 32. Nd3 e4 33.
fxe4 fxe4 34. Ne5 Rd5 35. Nxg6+ Kf6 36. h5 Kg5 37. Rg1 Rc5 38. Nh8 e3+ 39. Kd1 Rc7 40. Ng6 Nc5 41. Ne5 Ne4 42. Nf3+ Kf4 43. Nxd4 Rd7 44. c3 Nxc3+ 45. Kc2 Rxd4 46. Kxc3 Rd8 47. b4 axb4+ 48. Kxb4 e2 49. a5 Rd1 50. g5 Rxg1 51. gxh6 e1=Q+ 0-1

[Event "*** SCC Grand Prix: Titled Tuesday Blitz"]
[Site "Chess.com"]
[Date "2020.09.08"]
[Round "1"]
[White "TigrVShlyape"]
[Black "Tekushka"]
[Result "1-0"]
[WhiteElo "2817"]
[BlackElo "2411"]
[TimeControl "180+1"]
[EndTime "10:07:01 PDT"]
[Termination "TigrVShlyape won by resignation"]

1. d4 d5 2. Nf3 Nf6 3. Bf4 c5 4.
e3 Nc6 5. Nbd2 Bg4 6. c3 e6 7.
Qb3 Qc8 8. Ne5 Nxe5 9. dxe5 Nd7 10. c4 d4 11. h3 Bh5 12. g4 Bg6 13. Bg2 Rb8 14. O-O Be7 15. Nf3 dxe3 16. Qxe3 O-O 17.
h4 h5 18. gxh5 Bxh5 19. Ng5 Rd8 20. Ne4 Nf8 21. Bg5 Qc7 22. Nd6 f6 23. Nb5 Qb6 24.
exf6 gxf6 25. Bf4 e5 26. Bg3 Bf7 27. b3 Qe6 28. Rae1 Qg4 29. f4 a6 30. Nc3 Bd6 31. Ne4 Be7 32. fxe5 fxe5 33. Bxe5 Ng6 34. Bxb8 Rxb8 35.
Qg3 Qxg3 36. Nxg3 Nxh4 37. Rxe7 1-0

[Event "*** SCC Grand Prix: Titled Tuesday Blitz"]
[Site "Chess.com"]
[Date "2020.09.08"]
[Round "1"]
[White "The_Machine04"]
[Black "Korchmar_Vasiliy"]
[Result "0-1"]
[WhiteElo "2285"]
[BlackElo "2607"]
[TimeControl "180+1"]
[EndTime "10:07:02 PDT"]
[Termination "Korchmar_Vasiliy won on time"]

1. d4 d5 2. Bf4 Nf6 3. e3 e6 4. Nd2 Be7 5. Bd3 O-O 6. Ngf3 c5 7. c3 b6 8. Ne5 Bb7 9. Qf3 c4 10. Bc2 b5 11. a3 Nfd7 12. h4 Nxe5 13. Bxe5 Nd7 14. Bxh7+ Kxh7 15. Qh5+ Kg8 16. Bxg7 Kxg7 17. Rh3 Bd6 18. Qg4+ Kh6 19. f4 f5 20. Qe2 Rg8 21.
Nf3 Nf6 22. Ng5 Qe7 23. O-O-O Ng4 24. Rg3 a5 25. Rxg4 fxg4 26. Qxg4 b4 27. Rh1 bxa3 28. bxa3 Bxa3+ 29. Kc2 Bc6 30. Qh3 Ba4+ 31. Kd2 Rab8 32. Ke2 Rb2+ 33. Kf3 Bc2 34. g4 Be4+ 35. Nxe4 dxe4+ 36.
Kg3 Re2 37. g5+ Kh7 38. Qg4 Rxe3+ 39. Kf2 Rf3+ 40. Ke2 Qf7 41. h5 Qxf4 42. g6+ Kh8 43. Qxf4 Rxf4 44. Ke3 Bd6 45. d5 exd5 0-1

[Event "*** SCC Grand Prix: Titled Tuesday Blitz"]
[Site "Chess.com"]
[Date "2020.09.08"]
[Round "1"]
[White "UmarovSabir"]
[Black "anon219"]
[Result "1-0"]
[WhiteElo "2385"]
[BlackElo "2696"]
[TimeControl "180+1"]
[EndTime "10:07:03 PDT"]
[Termination "UmarovSabir won by checkmate"]

1. e4 c5 2. Nc3 a6 3. a4 e6 4. g3 d5 5. exd5 exd5 6. Bg2 Nf6 7.
d4 Nc6 8. Nge2 Bg4 9. h3 cxd4 10. hxg4 dxc3 11. Nxc3 d4 12. Ne4 Bb4+ 13. Bd2 Nxe4 14.
Bxe4 Qe7 15. f3 O-O-O 16. O-O Bc5 17. Bf4 Bd6 18. Bxc6 bxc6 19. Re1 Qc7 20. Qxd4 h5 21. Bxd6 Rxd6 22. Qxg7 Rdh6 23. Kg2 h4 24. Qe5 Qxe5 25. Rxe5 hxg3 26. Kxg3 Rh3+ 27. Kf4 Rh2 28. Rc5 Kc7 29.
Ra3 R8h6 30. Rac3 Rd2 31. a5 Rd4+ 32. Kg3 Rb4 33. b3 Kd7 34. g5 Re6 35. f4 Kc7 36.
R3c4 Rb8 37. Kg4 Rh8 38. Kf5 Rd8 39. Re5 Red6 40. Re7+ R8d7 41. Rxd7+ Kxd7 42. Re4 Rd5+ 43. Kf6 Rd6+ 44. Kxf7 Rd5 45. g6 Rf5+ 46. Kg7 Rxa5 47. Kh6 Ra1 48. g7 Rh1+ 49. Kg6 Rg1+ 50. Kf7 a5 51.
g8=Q Rxg8 52. Kxg8 a4 53. Kf7 a3 54. Ra4 a2 55. Rxa2 Kd6 56. Ra6 Kc5 57. f5 Kb5 58. Rxc6 Kxc6 59. Ke6 Kc5 60. f6 Kb4 61. f7 Kc3 62. f8=Q Kxc2 63. Qf3 Kb2 64. b4 Kb1 65. b5 Ka1 66. b6 Kb1 67. b7 Ka1 68. b8=Q Ka2 69. Qbb3+ Ka1 70. Qfd1# 1-0

[Event "*** SCC Grand Prix: Titled Tuesday Blitz"]
[Site "Chess.com"]
[Date "2020.09.08"]
[Round "1"]
[White "glebus008"]
[Black "PIwan"]
[Result "0-1"]
[WhiteElo "2173"]
[BlackElo "2530"]
[TimeControl "180+1"]
[EndTime "10:07:03 PDT"]
[Termination "PIwan won on time"]

1. e4 e6 2. d4 d5 3. e5 c5 4. c3 Qb6 5. Nf3 Nc6 6. a3 f6 7. Bd3 c4 8. Bc2 fxe5 9. Nxe5 Nxe5 10. dxe5 g6 11. O-O Bg7 12. Qe2 Nh6 13. Nd2 O-O 14. Nf3 Bd7 15. Rb1 Nf7 16. Re1 Nxe5 17. Nxe5 Bxe5 18. Bh6 Bg7 19. Bxg7 Kxg7 20. Qe5+ Rf6 21.
Re3 Rf8 22. Rf3 Qd8 23. b3 cxb3 24. Rxb3 Bc6 25. Rb4 Kg8 26. Rbf4 Rxf4 27. Rxf4 Rxf4 28. Qxf4 Qe7 29. h4 e5 30. Qg4 Bd7 31. Qg3 Qf6 32. h5 Bf5 33. Bb3 Be6 34. hxg6 hxg6 35. Bc2 Kg7 36. Qe3 d4 0-1

[Event "*** SCC Grand Prix: Titled Tuesday Blitz"]
[Site "Chess.com"]
[Date "2020.09.08"]
[Round "1"]
[White "K_A_S_T_O_R"]
[Black "bsnsun"]
[Result "1-0"]
[WhiteElo "2759"]
[BlackElo "2396"]
[TimeControl "180+1"]
[EndTime "10:07:05 PDT"]
[Termination "K_A_S_T_O_R won by checkmate"]

1. e4 c5 2. Nf3 d6 3. d4 cxd4 4. Nxd4 Nf6 5. Nc3 a6 6. Bg5 Nbd7 7. Bc4 e6 8. O-O Qb6 9. Qd2 Be7 10. Be3 Qxb2 11. Rab1 Qa3 12. Bxe6 fxe6 13. Nxe6 Kf7 14. Ng5+ Ke8 15. Nd5 Nxd5 16. Qxd5 Bxg5 17. Qxg5 Kf7 18. Rb3 Qa4 19. Qd5+ Ke7 20. Rd1 Qc6 21. Qg5+ Nf6 22. Qxg7+ Ke6 23. Bg5 Nxe4 24. Qe7+ Kf5 25. Rf3+ Kg6 26.
Qf7+ Kxg5 27. Qg7+ Kh4 28. Rf4+ Kh5 29. g4+ Kh4 30.
Qh6# 1-0

[Event "*** SCC Grand Prix: Titled Tuesday Blitz"]
[Site "Chess.com"]
[Date "2020.09.08"]
[Round "1"]
[White "DinaBelenkaya"]
[Black "MikeKorovin"]
[Result "0-1"]
[WhiteElo "2274"]
[BlackElo "2602"]
[TimeControl "180+1"]
[EndTime "10:07:05 PDT"]
[Termination "MikeKorovin won by resignation"]

1. e4 e6 2. Qe2 d5 3. exd5 Qxd5 4. Nc3 Qa5 5. g3 Nf6 6. Bg2 Bd6 7. Nf3 O-O 8. O-O Bd7 9. d4 Bc6 10. Rd1 Nbd7 11. a3 Qh5 12. h3 a5 13. b3 Bxf3 14.
Qxf3 Qxf3 15. Bxf3 c6 16. Ne4 Nxe4 17. Bxe4 Nf6 18.
Bf3 h6 19. c4 Rfd8 20. Bb2 Rd7 21. Rd2 Rad8 22. Rad1 Bc7 23. Kg2 Bb6 24. Bc3 Ne8 25. b4 axb4 26. axb4 Nd6 27. c5 Nb5 28. Bb2 Bc7 29.
Be2 Kf8 30. f4 Ra8 31. Bxb5 cxb5 32. d5 exd5 33. Rxd5 Rxd5 34. Rxd5 Ra2 35. Rd2 Ke8 36. Kf3 g6 37. Ke4 Bd8 38. Bg7 Rxd2 39. Bxh6 Bf6 40.
g4 Rd4+ 41. Ke3 Rxb4 42. g5 Bd4+ 43. Kd3 Bxc5 44. Bg7 Rb3+ 45. Ke4 Rxh3 46. Kd5 Bf8 47. Be5 Kd7 48. Bb2 Bb4 49. Bd4 Bc3 50. f5 Bxd4 51. fxg6 fxg6 52. Kxd4 Rg3 53. Kc5 Rxg5+ 54. Kb6 b4 0-1

[Event "*** SCC Grand Prix: Titled Tuesday Blitz"]
[Site "Chess.com"]
[Date "2020.09.08"]
[Round "1"]
[White "WPWPWP-2015"]
[Black "daro94"]
[Result "0-1"]
[WhiteElo "2463"]
[BlackElo "2969"]
[TimeControl "180+1"]
[EndTime "10:07:06 PDT"]
[Termination "daro94 won on time"]

1. e4 c6 2. d4 d5 3. e5 Bf5 4.
Be3 e6 5. Nd2 Ne7 6. c4 h6 7. f4 Nd7 8. Ngf3 dxc4 9. Nxc4 Nd5 10. Bd2 N7b6 11. b3 Be7 12. Be2 O-O 13. O-O c5 14.
Kh1 Rc8 15. a4 Nxc4 16. Bxc4 Bh7 17. a5 cxd4 18. Nxd4 Bc5 19. Nb5 a6 20. Nc3 Ne3 21.
Bxe3 Bxe3 22. Qf3 Qd4 23. Ne2 Qe4 24. Rad1 Rfd8 25. Qxe4 Bxe4 26. Nc3 Bc2 27. Rxd8+ Rxd8 28. Na4 Rd2 29. Nc3 Bd4 30. Ne2 Bc5 31. h3 Bb4 32.
Kh2 Bxa5 33. Kg3 Bxb3 34. Bxb3 Rxe2 35. Rb1 Re3+ 36. Kh2 Be1 37. Bc2 Bg3+ 38. Kg1 Bxf4 39. Rxb7 Bxe5 0-1

[Event "*** SCC Grand Prix: Titled Tuesday Blitz"]
[Site "Chess.com"]
[Date "2020.09.08"]
[Round "1"]
[White "kirillshevchenko"]
[Black "IANOV0007"]
[Result "1-0"]
[WhiteElo "2855"]
[BlackElo "2427"]
[TimeControl "180+1"]
[EndTime "10:07:07 PDT"]
[Termination "kirillshevchenko won by checkmate"]

1. e4 d6 2. d4 Nf6 3. Nc3 c6 4. Nf3 Qa5 5. Bd3 Bg4 6. h3 Bh5 7. g4 Bg6 8. Bd2 e5 9. Qe2 Nbd7 10. O-O-O Qc7 11. dxe5 dxe5 12. Nh4 Bc5 13. Nf5 O-O 14. h4 h5 15. f3 Rfd8 16. Bg5 b5 17. gxh5 Nxh5 18.
Qg2 Re8 19. Ne2 Bf8 20. Nfg3 Nf4 21. Nxf4 exf4 22. Ne2 Bd6 23. h5 Bh7 24. Rh4 Ne5 25.
Bf6 Bf8 26. Rg1 g6 27. hxg6 fxg6 28. Nxf4 Bg7 29. Rxh7 Kxh7 30. Nxg6 Bh6+ 31. Kb1 Nxd3 32.
Nf8+ Rxf8 33. Qg6# 1-0

[Event "*** SCC Grand Prix: Titled Tuesday Blitz"]
[Site "Chess.com"]
[Date "2020.09.08"]
[Round "1"]
[White "parnali1611"]
[Black "blitis"]
[Result "1-0"]
[WhiteElo "2158"]
[BlackElo "2501"]
[TimeControl "180+1"]
[EndTime "10:07:07 PDT"]
[Termination "parnali1611 won on time"]

1. d4 g6 2. e4 Bg7 3. Be3 c5 4. f3 Nc6 5. c3 d5 6. e5 Nh6 7.
Bb5 Nf5 8. Bf2 h5 9. Ne2 Qb6 10. a4 a6 11. dxc5 Qc7 12. Bxc6+ bxc6 13. f4 a5 14. Nd2 Ba6 15. Nf3 e6 16. Qd2 Rb8 17. O-O Bh6 18. Rfb1 f6 19. exf6 O-O 20. b4 Rxf6 21.
Nfd4 e5 22. Nxf5 Rxf5 23. b5 Bb7 24. Be3 exf4 25. Bd4 Kh7 26. Qd3 Re8 27. Qf3 Qf7 28. bxc6 Bxc6 29. Rb6 Qe6 30. Rab1 g5 31. Qd3 Kg6 32.
Rxc6 Qxc6 33. Rb6 Re6 34. Rxc6 Rxc6 35. Bh8 Rxc5 36. Nd4 1-0

[Event "*** SCC Grand Prix: Titled Tuesday Blitz"]
[Site "Chess.com"]
[Date "2020.09.08"]
[Round "1"]
[White "Mr_Sinigami"]
[Black "Kazan28"]
[Result "0-1"]
[WhiteElo "2540"]
[BlackElo "2234"]
[TimeControl "180+1"]
[EndTime "10:07:08 PDT"]
[Termination "Kazan28 won on time"]

1. d4 Nf6 2. Nf3 g6 3. Bf4 Bg7 4. e3 d6 5. h3 O-O 6. Be2 Nc6 7. O-O e5 8. Bh2 Ne4 9. c3 f5 10. Nbd2 Nxd2 11. Nxd2 Qe7 12. Re1 Nd8 13. Bc4+ Nf7 14. f4 e4 15. a4 c6 16. a5 d5 17. Bf1 Be6 18. Qa4 Bd7 19. Qb3 Be6 20. c4 Nd6 21. Qb4 Bf6 22. cxd5 cxd5 23. Rec1 Rfc8 24. Bg3 Kf7 25. Be1 g5 26. g3 gxf4 27. gxf4 Rxc1 28. Rxc1 Rc8 29. Rxc8 Nxc8 30. Nb3 b6 31. axb6 axb6 32. Ba6 Qxb4 33. Bxb4 Be7 34. Bxe7 Nxe7 35. Bb5 Nc8 36.
Kf2 Nd6 37. Ba6 Bd7 0-1

[Event "*** SCC Grand Prix: Titled Tuesday Blitz"]
[Site "Chess.com"]
[Date "2020.09.08"]
[Round "1"]
[White "Sn00pPawn"]
[Black "Susal_De_Silva"]
[Result "0-1"]
[WhiteElo "2013"]
[BlackElo "2490"]
[TimeControl "180+1"]
[EndTime "10:07:08 PDT"]
[Termination "Susal_De_Silva won on time"]

1. d4 Nf6 2. c4 e6 3. Nf3 b6 4. g3 Bb7 5. Bg2 g6 6. O-O Bg7 7. Nc3 Ne4 8. Qc2 Nxc3 9. bxc3 O-O 10. d5 d6 11. Nd4 e5 12. Nb3 a5 13. e4 f5 14. exf5 gxf5 15. f4 e4 16. Nd4 Qf6 17. Be3 Na6 18. Ne6 Rf7 19. Bd4 Qg6 20. Bxg7 Rxg7 21.
Nxg7 Qxg7 22. Qd2 Nc5 23. Qd4 Qf7 24. g4 Bc8 25. Rae1 Qg7 26. Re3 Kf7 27. gxf5 Bxf5 28. Rg3 Qf6 29. Re1 Re8 30. Rg5 Nd3 31. Re3 h6 32.
Rgg3 Nxf4 33. Bxe4 Qxd4 34. cxd4 Bxe4 35. Rg4 Bf5 0-1

[Event "*** SCC Grand Prix: Titled Tuesday Blitz"]
[Site "Chess.com"]
[Date "2020.09.08"]
[Round "1"]
[White "sergiochess83"]
[Black "IMJonathanCarlstedt"]
[Result "1-0"]
[WhiteElo "2829"]
[BlackElo "2413"]
[TimeControl "180+1"]
[EndTime "10:07:09 PDT"]
[Termination "sergiochess83 won by resignation"]

1. e4 e5 2. Nf3 Nc6 3. Bb5 a6 4. Ba4 Nf6 5. O-O Bc5 6. c3 b5 7.
Bb3 d6 8. a4 Bg4 9. h3 Bh5 10.
d3 O-O 11. Be3 Bxe3 12. fxe3 d5 13. axb5 dxe4 14. bxc6 exf3 15. gxf3 Qd6 16. Qe2 e4 17. dxe4 Nxe4 18. Qh2 Ng3 19. Nd2 Rfd8 20. Rf2 Rab8 21. Ra4 Qg6 22. Rg4 Bxg4 23. fxg4 Rxb3 24. Nxb3 Rd1+ 25.
Kg2 Qxc6+ 26. Kxg3 Rh1 27. Qg2 Qd6+ 28. Rf4 Rd1 29.
Qa8+ Qd8 30. Qxd8+ Rxd8 31. Rd4 Rb8 32. Nc5 g6 33. b4 Rb6 34. Rd7 1-0

[Event "*** SCC Grand Prix: Titled Tuesday Blitz"]
[Site "Chess.com"]
[Date "2020.09.08"]
[Round "1"]
[White "dosto07"]
[Black "Barcelona_Guy"]
[Result "0-1"]
[WhiteElo "2324"]
[BlackElo "2655"]
[TimeControl "180+1"]
[EndTime "10:07:09 PDT"]
[Termination "Barcelona_Guy won on time"]

1. e4 e6 2. d4 d5 3. Nd2 c5 4. exd5 Qxd5 5. Ngf3 cxd4 6. Bc4 Qd6 7. O-O Nf6 8. Nb3 Nc6 9. Nbxd4 Nxd4 10. Nxd4 Be7 11. c3 O-O 12. Qf3 Qc7 13. Bb3 a5 14. a4 Bd7 15. Re1 Bc6 16. Nxc6 bxc6 17. Bf4 Qb6 18. Ba2 Qxb2 19. Reb1 Qc2 20. Rb7 Bc5 21. Bc4 Rad8 22. h4 Ne4 23. Be3 Bxe3 24. Qxe3 Qxc3 25. Qxc3 Nxc3 26.
Rc7 Rc8 27. Rxc8 Rxc8 28. Ra3 Nd5 29. Rb3 Nb4 30. Rc3 Kf8 31. Be2 c5 32. Bb5 Ke7 33.
h5 Nd5 34. Rg3 g6 35. h6 c4 36. Rg4 c3 0-1

[Event "*** SCC Grand Prix: Titled Tuesday Blitz"]
[Site "Chess.com"]
[Date "2020.09.08"]
[Round "1"]
[White "politeplayer"]
[Black "arminmusovic"]
[Result "0-1"]
[WhiteElo "2244"]
[BlackElo "2574"]
[TimeControl "180+1"]
[EndTime "10:07:09 PDT"]
[Termination "arminmusovic won by resignation"]

1. e4 c6 2. d4 d5 3. Nc3 dxe4 4. f3 Nf6 5. fxe4 e5 6. Nf3 exd4 7. Qxd4 Qxd4 8.
Nxd4 Bb4 9. Bd3 O-O 10. Bg5 Nbd7 11. O-O-O Re8 12. Rhf1 Bxc3 13. bxc3 Nxe4 14. Bxe4 Rxe4 15. Rde1 Rxe1+ 16. Rxe1 f6 17. Bf4 Nb6 18. Re8+ Kf7 19. Rh8 h6 20. a4 Bd7 21. Rxa8 Nxa8 22. a5 c5 23. Nb3 b6 24. Bb8 bxa5 25. Nxc5 Bc6 26.
Bxa7 Bxg2 27. Kb2 f5 28. c4 g5 29. Nd3 f4 30. c5 Ke6 31. Kc3 h5 32. Kd4 Kf5 33. c4 Nc7 34. Bb6 Ne6+ 35. Kc3 a4 36. Kb4 g4 37. Kxa4 h4 38. Kb5 g3 39. hxg3 fxg3 40. c6 h3 41. c7 Nxc7+ 42. Bxc7 h2 43. Bxg3 h1=Q 44. Bd6 Qb1+ 45. Nb4 Bf1 46. Kc5 Qe4 0-1

[Event "*** SCC Grand Prix: Titled Tuesday Blitz"]
[Site "Chess.com"]
[Date "2020.09.08"]
[Round "1"]
[White "ehrenfeld"]
[Black "ErikRonka"]
[Result "1-0"]
[WhiteElo "2574"]
[BlackElo "2243"]
[TimeControl "180+1"]
[EndTime "10:07:09 PDT"]
[Termination "ehrenfeld won by resignation"]

1. e4 c6 2. d4 d5 3. exd5 cxd5 4.
Bd3 Nf6 5. c3 Nc6 6. Bf4 Bg4 7. Qb3 Qc8 8. Nd2 Bh5 9. Ngf3 Bg6 10. Be2 e6 11. O-O Be7 12. Rfe1 O-O 13. Bf1 a6 14. a4 Ne4 15. Nxe4 Bxe4 16. Nd2 Bg6 17. Bg3 Qd7 18. Qa2 Bd6 19. a5 Bxg3 20. hxg3 Qc7 21. Qa4 Rfe8 22. Nb3 e5 23. dxe5 Nxe5 24. Nd4 Red8 25.
Rad1 Nc4 26. Bxc4 dxc4 27. Qb4 Rd7 28. Re5 Bd3 29. Rde1 h6 30. Re8+ Rxe8 31. Rxe8+ Kh7 32. Qf8 Qxa5 33. Qg8+ Kg6 34. Ne6 f6 35. Nf8+ Kh5 36. Nxd7 Qa1+ 37. Kh2 Qxb2 38. Qxg7 Qxf2 39. Nxf6+ Qxf6 1-0

[Event "*** SCC Grand Prix: Titled Tuesday Blitz"]
[Site "Chess.com"]
[Date "2020.09.08"]
[Round "1"]
[White "Synctel"]
[Black "SamuelGhimpu2003"]
[Result "0-1"]
[WhiteElo "1992"]
[BlackElo "2485"]
[TimeControl "180+1"]
[EndTime "10:07:09 PDT"]
[Termination "SamuelGhimpu2003 won by resignation"]

1. e4 g6 2. d4 Bg7 3. Nc3 d6 4. Be3 a6 5. Qd2 b5 6. a3 Bb7 7. O-O-O Nd7 8. h4 h5 9. f3 c5 10. Nh3 Rc8 11. Ng5 cxd4 12. Bxd4 Ngf6 13. Kb1 Nb6 14. e5 dxe5 15. Bxe5 Qxd2 16. Rxd2 O-O 17. Be2 Ne4 18. Ngxe4 Bxe5 19. Rhd1 f5 20. Ng5 Bxc3 21. bxc3 Na4 22. Rd7 Nxc3+ 23. Kb2 Nxd1+ 24. Rxd1 Rfd8 25. Bd3 e5 26. Re1 Re8 27. c3 Kg7 28. Bc2 Rcd8 29.
Re2 Kf6 30. Nh7+ Kg7 31. Ng5 Rd7 32. Bb3 Kf6 33. Kc2 e4 34. fxe4 Bxe4+ 35. Kb2 Ree7 36. Rf2 Bd3 37. Nh3 Re2+ 38. Rxe2 Bxe2 39. Nf4 Bc4 40. Bc2 Rd2 41. Kc1 Rf2 42. Bd1 Rxf4 0-1

[Event "*** SCC Grand Prix: Titled Tuesday Blitz"]
[Site "Chess.com"]
[Date "2020.09.08"]
[Round "1"]
[White "chegueps"]
[Black "Quiet_Desperation"]
[Result "0-1"]
[WhiteElo "2464"]
[BlackElo "1993"]
[TimeControl "180+1"]
[EndTime "10:07:09 PDT"]
[Termination "Quiet_Desperation won by checkmate"]

1. d4 d5 2. c4 c6 3. Nf3 Nf6 4.
e3 dxc4 5. Bxc4 b5 6. Bb3 Bf5 7. O-O e6 8. Nc3 Be7 9. Qe2 O-O 10. e4 Bg4 11. Rd1 Nbd7 12. h3 Bh5 13. a4 b4 14.
Nb1 Qc7 15. Nbd2 e5 16. Nc4 exd4 17. e5 Bxf3 18. Qxf3 Nxe5 19. Qg3 Bd6 20. Nxd6 Qxd6 21. Bf4 Rfe8 22. Re1 Nfd7 23. Rad1 c5 24. Re4 Re7 25. Rde1 Rae8 26. Kh2 h6 27. a5 Qf6 28. h4 Ng4+ 29. Qxg4 Rxe4 30. Rxe4 Rxe4 31. Qxd7 Qxf4+ 32. g3 Qxf2+ 33. Kh3 Qf1+ 34. Kh2 Re2# 0-1

[Event "*** SCC Grand Prix: Titled Tuesday Blitz"]
[Site "Chess.com"]
[Date "2020.09.08"]
[Round "1"]
[White "Sofiia_Hryzlova"]
[Black "albi1999"]
[Result "0-1"]
[WhiteElo "2287"]
[BlackElo "2612"]
[TimeControl "180+1"]
[EndTime "10:07:10 PDT"]
[Termination "albi1999 won by resignation"]

1. c4 e5 2. Nc3 Nc6 3. Nf3 f5 4. d4 e4 5. Ng5 Nf6 6. e3 h6 7.
Nh3 Be7 8. Be2 O-O 9. Nf4 g5 10. Ng6 Rf7 11. h4 Kg7 12. hxg5 hxg5 13. Ne5 Rf8 14.
Bh5 d6 15. Ng6 Rg8 16. b3 Bd7 17. Bb2 Be8 18. Nxe7 Qxe7 19. Bxe8 Raxe8 20. a3 Rh8 21. Kd2 Rxh1 22. Qxh1 Rh8 23. Qf1 Qf7 24. Re1 Qh5 25.
Ne2 Qg4 26. f3 Qh4 27. Kc2 Re8 28. g3 Qh2 29. fxe4 fxe4 30. Qf5 Qh5 31. Kd2 Qg6 32.
Qf2 Ng4 33. Qg1 Rf8 34. Rf1 Rf3 35. d5+ Nce5 36. Nd4 Qf6 37. Nxf3 exf3 38. e4 Kg8 39. Bd4 f2 40. Bxf2 Nf3+ 41. Kd3 Nxg1 0-1

[Event "*** SCC Grand Prix: Titled Tuesday Blitz"]
[Site "Chess.com"]
[Date "2020.09.08"]
[Round "1"]
[White "jefferyx"]
[Black "GiorgianBarbosa"]
[Result "1-0"]
[WhiteElo "2912"]
[BlackElo "2449"]
[TimeControl "180+1"]
[EndTime "10:07:11 PDT"]
[Termination "jefferyx won on time"]

1. d4 Nf6 2. Nf3 g6 3. Nc3 d5 4. Bf4 Bg7 5. Qd2 O-O 6. Bh6 Ne4 7. Qe3 Nxc3 8. Bxg7 Kxg7 9. Qxc3 Bf5 10. h4 h5 11.
e3 Nd7 12. Be2 Nf6 13. Ng5 Ne4 14. Nxe4 dxe4 15. d5+ Kg8 16. O-O-O Qd6 17. Rd4 Rad8 18. g3 e6 19. dxe6 Qxe6 20. Bc4 Qe7 21. Rhd1 Rxd4 22. Qxd4 a6 23. Qa7 Qb4 24. Qd4 Qe7 25. Qa7 Qb4 26. Bd5 c6 27. Bb3 Qe7 28. Qd4 b5 29.
Qd6 Qxd6 30. Rxd6 Rc8 31. c4 Kf8 32. Kd2 Ke7 33. c5 Rd8 34. Rxd8 Kxd8 35. Kc3 Ke7 36. Kb4 Be6 37. Ka5 Bxb3 38. axb3 Ke6 39. b4 Kd5 40.
Kxa6 f6 41. Kb6 g5 42. Kc7 g4 43. Kd7 f5 44. Kc7 Kc4 45. Kxc6 Kd3 46. Kxb5 Ke2 47. c6 Kxf2 48. c7 1-0

[Event "*** SCC Grand Prix: Titled Tuesday Blitz"]
[Site "Chess.com"]
[Date "2020.09.08"]
[Round "1"]
[White "adiosabu"]
[Black "Pertinhez76"]
[Result "1-0"]
[WhiteElo "2500"]
[BlackElo "2080"]
[TimeControl "180+1"]
[EndTime "10:07:11 PDT"]
[Termination "adiosabu won on time"]

1. d4 Nf6 2. c4 e5 3. dxe5 Ng4 4. Nf3 Nc6 5. e3 Bb4+ 6. Nc3 Ngxe5 7. Bd2 O-O 8. Be2 Re8 9. O-O a5 10. a3 Bxc3 11.
Bxc3 d6 12. b4 axb4 13. axb4 Rxa1 14. Qxa1 Qe7 15. Nd4 f6 16. b5 Nxd4 17. exd4 Ng6 18. Re1 Qf7 19. Bf1 Be6 20. c5 Bd5 21. Rxe8+ Qxe8 22.
Qa5 Qe7 23. Qa8+ Kf7 24. Bb4 Nf4 25. cxd6 cxd6 26. Qa3 Qe4 27. Qe3 Ke6 28. Bd2 g5 29. f3 Qxe3+ 30. Bxe3 Ng6 31. Bd3 Nf8 32. Kf2 h6 33. g3 Nd7 34. f4 Nb6 35. h4 Nc4 36. Bc1 1-0

[Event "*** SCC Grand Prix: Titled Tuesday Blitz"]
[Site "Chess.com"]
[Date "2020.09.08"]
[Round "1"]
[White "enriquebutti"]
[Black "LuckSlayeer"]
[Result "0-1"]
[WhiteElo "1799"]
[BlackElo "2473"]
[TimeControl "180+1"]
[EndTime "10:07:11 PDT"]
[Termination "LuckSlayeer won by resignation"]

1. d4 Nf6 2. Nf3 e6 3. e3 c5 4. Bd3 b6 5. O-O Bb7 6. b3 Be7 7. Bb2 cxd4 8. exd4 O-O 9. c4 d6 10. Nc3 Nbd7 11. Qe2 a6 12. Rad1 Re8 13. Ng5 h6 14. f4 Nf8 15. Nge4 Nxe4 16. Nxe4 f5 17. Ng3 g6 18. d5 Bf6 19. dxe6 Nxe6 20. Qc2 Nd4 21. Qb1 Re3 22. Kh1 Ne6 23. Bxf5 gxf5 24. Nxf5 Re2 25.
Nxh6+ Kg7 26. Nf5+ Kf8 27. Bxf6 Qxf6 28. Rg1 Nxf4 29. Rxd6 Qb2 30. Qxb2 Rxb2 31. Nh4 Ne2 32. Rf1+ Ke7 33. Rxb6 Be4 34. Nf3 Rh8 35. Rxa6 Ng3+ 36. Kg1 Nxf1 37. Kxf1 Bxf3 38. gxf3 Rhxh2 39. Ra7+ Kd6 40. Rg7 Rh1+ 41. Rg1 Rxg1+ 42. Kxg1 Rxa2 43. f4 Rb2 44. f5 Rxb3 45. f6 Ke6 0-1

[Event "*** SCC Grand Prix: Titled Tuesday Blitz"]
[Site "Chess.com"]
[Date "2020.09.08"]
[Round "1"]
[White "Kaslask"]
[Black "Ermito2020"]
[Result "0-1"]
[WhiteElo "2305"]
[BlackElo "2627"]
[TimeControl "180+1"]
[EndTime "10:07:12 PDT"]
[Termination "Ermito2020 won on time"]

1. d4 d5 2. c4 e6 3. Nc3 c6 4. e4 dxe4 5. Nxe4 Bb4+ 6. Nc3 c5 7. Nf3 Nf6 8. a3 Ba5 9. Bg5 cxd4 10.
Qxd4 Qxd4 11. Nxd4 Ne4 12. Bd2 Nxd2 13. Kxd2 O-O 14. Nb3 Bc7 15. Be2 Nc6 16. Rad1 a5 17.
Kc2 a4 18. Nd4 Nxd4+ 19. Rxd4 Bb6 20. Rd2 Bxf2 21. Bf3 Bc5 22. Nb5 e5 23. Be4 f5 24.
Bd5+ Kh8 25. Nc7 Rb8 26. Ne6 Bxe6 27. Bxe6 e4 28. Re1 Rbe8 29. Bd7 Ra8 30. Rd5 Bf2 31. Re2 e3 32. Rxf5 Rxf5 33. Bxf5 g6 34. Bd3 Kg7 35. Kc3 Rd8 36. Be4 b6 37. Kb4 Rd4 38. Bf3 g5 39. Kb5 g4 0-1

[Event "*** SCC Grand Prix: Titled Tuesday Blitz"]
[Site "Chess.com"]
[Date "2020.09.08"]
[Round "1"]
[White "BUITRONGHAO"]
[Black "tylityli"]
[Result "1-0"]
[WhiteElo "2565"]
[BlackElo "2229"]
[TimeControl "180+1"]
[EndTime "10:07:12 PDT"]
[Termination "BUITRONGHAO won by resignation"]

1. e4 e5 2. Nf3 Nc6 3. Bb5 a6 4.
Ba4 Nf6 5. O-O b5 6. Bb3 Be7 7. Re1 d6 8. c3 O-O 9. h3 Nd7 10. d4 Bf6 11. Be3 Na5 12. Bc2 Nc4 13.
Bc1 Bb7 14. b3 Ncb6 15. Nbd2 c5 16. d5 c4 17. bxc4 Nxc4 18. Nxc4 bxc4 19. Qe2 Qc7 20. a4 a5 21. Ba3 Ba6 22. Nd2 Rab8 23. Qg4 Nc5 24. Nf1 g6 25. Ng3 Bg7 26. Nf1 Rfd8 27. Ne3 Nd3 28. Red1 h5 29. Qf3 Bh6 30. Nxc4 Bxc4 31.
Bxd3 Bb3 32. Rf1 Qxc3 33. Bb5 Qxf3 34. gxf3 Bf8 35. Rac1 Rb6 36. Rc3 Rxb5 37. axb5 a4 38. Rfc1 Rb8 39. Rc8 Rb6 40. R1c6 Rxb5 41. Bxd6 1-0